AoeStats
← schutz

Pilgrims

509651069Analyzed
4v4 RM · 5d ago on Sep 27, 2026· 35m 28s· 8 players
Game mode
Random Map
Map size
Large (8 player)
Population
200
Speed
Normal
Resources
Standard
Victory
Conquest
Starting age
Dark Age
Ending age
Imperial Age
RankedLock teamsTeams togetherTeam positionsShared explorationLock speedFull tech treeHidden civsTurbo modeCheats
Victory
Defeat
🇰🇷 Vikings · South Korea
1583
+8
🇧🇷 Malians · Brazil
1417
+14
🇰🇷 Byzantines · South Korea
1320
+18
🇰🇷 Varangians · South Korea
1269
+20
🇨🇳 Persians · China
1403
-16
🇹🇼 Britons · Taiwan
1369
-15
🇨🇳 Italians · China
1369
-15
🇹🇼 Varangians · Taiwan
1345
-14
牛比无极限
7:04 Loom
10:55 Feudal Age
15:20 Castle Age
13:49 Double-Bit Axe
18:50 Fletching
23:31 Ballistics
24:16 Wheelbarrow
27:47 Bodkin Arrow
27:52 Padded Archer Armor
[TAIDA] WH
11:56 Feudal Age
12:32 Loom
17:27 Castle Age
16:07 Double-Bit Axe
17:15 Horse Collar
17:33 Gold Mining
19:28 Bow Saw
20:29 Forging
20:47 Horse Collar
22:10 Scale Mail Armor
23:07 Squires
25:01 Chain Mail Armor
26:30 Arson
31:28 Vendel Legacy
33:14 Wheelbarrow
37:18 Imperial Age
34:58 Fletching
35:36 Bloodlines
pasonnosap
15:08 Loom
17:54 Feudal Age
18:39 Feudal Age
19:11 Fishing Lines
19:25 Double-Bit Axe
20:21 Fletching
20:31 Padded Archer Armor
22:42 Castle Age
22:31 Gold Mining
22:22 Horse Collar
29:40 Wheelbarrow
29:45 Bow Saw
32:58 Hand Cart
iiiiice
6:10 Loom
28:15 Feudal Age
[BuS] kiy2008
4:35 Loom
14:46 Feudal Age
18:47 Castle Age
17:00 Fishing Lines
17:40 Double-Bit Axe
20:29 Medium Warships
24:22 Imperial Age
22:33 Gillnets
22:43 Fletching
23:08 Bow Saw
26:01 Bodkin Arrow
27:07 Gold Mining
28:24 Bracer
30:00 Ballistics
30:41 Chemistry
29:53 Padded Archer Armor
30:11 Crossbowman
31:02 Thumb Ring
31:39 Conscription
32:34 Arbalester
Julio2
9:23 Feudal Age
11:27 Forging
14:26 Wheelbarrow
13:36 Loom
17:38 Castle Age
17:41 Fletching
28:23 Scale Mail Armor
29:33 Iron Casting
tealroad
6:57 Loom
9:44 Feudal Age
10:28 Town Watch
10:47 Double-Bit Axe
13:11 Fletching
22:44 Castle Age
22:10 Scale Mail Armor
22:05 Fishing Lines
22:40 Arson
23:42 Chain Mail Armor
25:03 Squires
30:20 Forging
schutz
9:16 Loom
11:03 Feudal Age
11:29 Double-Bit Axe
12:17 Loom
14:35 Fishing Lines
14:55 Horse Collar
17:58 Town Watch
19:37 Wheelbarrow
21:18 Castle Age
25:29 Wheelbarrow
25:25 Heavy Plow
26:08 Bow Saw
33:55 Imperial Age
32:25 Bloodlines
32:43 Hand Cart
32:52 Husbandry
33:13 Treadmill Crane
33:41 Scale Barding Armor
33:57 Stone Mining
33:58 Gold Mining
34:38 Cavalier
36:19 Chain Barding Armor
Connection lost

Rejoining the realm…

Still unreachable

The connection could not be restored.

Session expired

The server has moved on; the page needs a fresh start.